 Dungeon Crawl Stone Soup version 0.31-a0-997-g9a2f3ffc92 (webtiles) character file.

Game seed: 14708519737189577177

270 kae the Changeling (level 6, -1/39 HPs)
             Began as a Draconian Shapeshifter on Nov 7, 2023.
             Slain by a gnoll
             ... wielding a +3 halberd of freezing
              (12 damage)
             ... on level 3 of the Dungeon.
             The game lasted 00:01:53 (1838 turns).

kae the Changeling (Draconian Shapeshifter)         Turns: 1838, Time: 00:01:54

Health: -1/39      AC:  6    Str: 17    XL:     6   Next: 1%
Magic:  6/6        EV: 12    Int: 10    God:
Gold:   206        SH:  0    Dex: 12    Spells: 5/5 levels left

rFire   . .          .
                       - Unarmed
rCold   . . .        (shield currently unavailable)
rNeg    . . .        (body armour unavailable)
rPois   .            (helmet restricted)
rElec   .            (no cloak)
rCorr   .            (no gloves)
SInv    .            (no boots)
Will    .....        g - amulet of regeneration
Stlth   +            (no ring)
HPRegen 1.06/turn    (no ring)
MPRegen 0.10/turn

%: no passive effects
@: flux-form, slowed, glowing, very slow
A: glow, contaminating, reduced hp, AC +6, unfitting armour, cold-blooded
a: Begin Untransformation


You were on level 3 of the Dungeon.
You were something dangerously unstable.
You visited 1 branch of the dungeon, and saw 3 of its levels.

You collected 206 gold pieces.


Innate Abilities, Weirdness & Mutations

You are something dangerously unstable.
You glow with magical radiation, making you easy to see and hit.
Foes you strike become dangerously contaminated with magical radiation.
Your maximum health is decreased, since you lack skill for your form.
You are incapable of wielding weapons or throwing items.
Your plain brown scales are hard. (AC +6)
You cannot fit into any form of body armour.
You are cold-blooded and may be slowed by cold attacks.


   Skills:
 - Level 1.1 Fighting
 - Level 1.7 Dodging
 + Level 4.6 Unarmed Combat
 * Level 5.4 Shapeshifting


You had 5 spell levels left.
You didn't know any spells.
Your spell library contained the following spells:

 Spells                   Type           Power      Damage    Failure   Level
 Gell's Gravitas          Tloc           0%         N/A       75%         3
 Teleport Other           Tloc           0%         N/A       75%         3
 Dispersal                Tloc           0%         N/A       100%        6

Inventory:

Missiles
 f - 25 stones
 i - 5 poisoned darts
Jewellery
 g - an amulet of regeneration (around neck)
   (You found it on level 2 of the Dungeon)
Talismans
 b - a beast talisman
 c - a flux talisman (active)
Wands
 d - a wand of paralysis (7)
   (You found it on level 3 of the Dungeon)
Scrolls
 e - 2 scrolls of enchant weapon
 h - 2 scrolls of immolation {unknown}
 o - a scroll of identify {@r1}
 p - 2 scrolls of revelation {unknown}
 q - a scroll of enchant armour {unknown}
Potions
 a - a potion of lignification {!q}
 j - 2 potions of ambrosia
 k - 2 potions of might {unknown}
 l - a potion of cancellation {unknown}
 m - a potion of degeneration {unknown}
 n - a potion of curing {unknown}

Dungeon Overview and Level Annotations

Branches:
Dungeon (3/15) Zot: 16166

Altars:

...♣..♣PP..♣....♣...§PP.#
.♣♣P♣.♣..♣P♣..♣.♣.♣♣.♣..##
♣P8.P.♣♣.P♣♣♣.♣.♣.♣.§§...#
......♣.PPP..♣♣.♣..♣§§§#.#
8.⌠.8...♣P.♣P...P♣.♣♣.##.#
.......P..♣..♣♣...♣.♣....#
..8P.P♣♣..♣.♣.♣.###♣.P.♣.#
♣♣P.♣♣♣P.♣.....##.##♣.##.# #
P..♣..♣....♣..#'pg.+#P.#.# .#
.♣♣.♣P♣..♣♣♣P.♣##.##.♣†#.####.#
....♣♣♣♣§♣♣♣♣.♣.###PP..♣......#
♣♣♣PP.♣.§§PP.♣♣.♣♣♣♣.P.♣...†#####
.♣♣###P♣♣........♣ ♣♣#..........#
...#.....†.#.....###...##.#.###.#
##.........#####...#.####.#...#.#
##........# ####'#'######...#.#
#........# #.............###.#


You could see a gnoll (misshapen).


Message History

You kill the frilled lizard!
Key pressed, stopping explore.
No target in view!
No target in view!
p - a scroll labelled LEORE POJEONG No target in view!
No target in view!
p - 2 scrolls labelled LEORE POJEONG (gained 1)
You open the door.
There is an open door here.
You open the door.
There is an open door here.
Key pressed, stopping explore.
No target in view!
No target in view!
f - 25 stones (gained 5)
A hobgoblin comes into view.
The hobgoblin shouts!
The hobgoblin hits you but does no damage.
You hit the hobgoblin.
The hobgoblin begins to glow.
The hobgoblin completely misses you.
A hobgoblin is nearby!
You hit the hobgoblin.
The hobgoblin glows dangerously bright.
The hobgoblin hits you.
You hit the hobgoblin.
You kill the hobgoblin! 😕 HP[-1]
You take 1 damage, and now have 32/33 hp.
A quokka comes into view.
You see here a scroll labelled XEUMIZX KEACKO. 😎 HP[+1]
Your hp is fully restored (33).
A quokka is nearby!
You hit the quokka.
You kill the quokka!
No target in view!
q - a scroll labelled XEUMIZX KEACKO You see here a quokka corpse.
Key pressed, stopping explore.
No target in view!
No target in view!
You enter the shallow water.
Moving in this stuff is going to be slow.
As you open the door, it creaks loudly!
A gnoll comes into view. It is wielding a +0 spear.
The gnoll shouts!
You hear a shout!
A gnoll comes into view.
It is wielding a +3 halberd of freezing.
The gnoll barely misses you.
There is an open door here.
You hit the gnoll.
The gnoll begins to glow.
The gnoll hits you but does no damage. The gnoll closely misses you.
There are monsters nearby!
You hit the gnoll.
The gnoll glows dangerously bright.
The gnoll misses you. The gnoll hits you but does no damage.
You barely miss the gnoll. The gnoll barely misses you.
The gnoll hits you from afar with a +3 halberd of freezing.
You feel yourself slow down. The gnoll freezes you. 😕 HP[-8]
You take 8 damage, and now have 25/33 hp.
MASSIVE DAMAGE!! (PAUSE)
You hit the gnoll.
The gnoll shudders as magic cascades through it!
You kill the gnoll!
The gnoll barely misses you.
You have reached level 6!
Your scales feel tougher. 😕 HP[+6] MP[+1]
You now have 39 max hp (+6).
You regained 6 hp, and now have 31/39 hp.
Your mp is fully restored (6).
You feel yourself speed up.
The gnoll hits you with a +3 halberd of freezing!
The gnoll freezes you.
The gnoll hits you with a +3 halberd of freezing.
The gnoll freezes you.
Things that are here:
a +0 spear; a gnoll corpse Unknown command. 😮 HP[-11]
You take 11 damage, and now have 20/39 hp.
MASSIVE DAMAGE!! (PAUSE)
You closely miss the gnoll. The gnoll misses you. 😮 HP[+1]
You hit the gnoll.
The gnoll begins to glow.
You tail-slap the gnoll, but do no damage. 😮 HP[+1] Unknown command.
You hit the gnoll but do no damage.
The gnoll glows dangerously bright.
You tail-slap the gnoll, but do no damage.
The gnoll hits you with a +3 halberd of freezing!
* * * LOW HITPOINT WARNING * * *
You feel yourself slow down. The gnoll freezes you.
* * * LOW HITPOINT WARNING * * *
You hit the gnoll.
The gnoll shudders as magic cascades through it.
The gnoll twists and deforms.
The gnoll closely misses you.
The gnoll hits you with a +3 halberd of freezing!
You die...

Skill      XL: |  1  2  3  4 |
---------------+-------------+-----
Shapeshifting  | 4 5 |  5.4
Unarmed Combat | 4 |  4.6
Fighting       | |  1.1
Dodging        | |  1.7

Action                     |  1- 3 |  4- 6 || total
---------------------------+-------+-------++-------
  Melee: Unarmed           |   109 |    52 ||   161
         Tailslap          |    10 |     8 ||    18
         Punch             |       |     1 ||     1
    Use: Scroll            |     1 |     3 ||     4
   Stab: Sleeping          |     1 |       ||     1
 Armour: Skin              |    35 |    66 ||   101
  Dodge: Dodged            |    62 |    62 ||   124
   Form: Flux              |       |     1 ||     1

Levels and vault maps discovered:
D:1:      reono_arrival_forest_river, layout_basic
D:2:      layout_loops_ring
D:3:      wad_woods_tower, layout_basic,
          shapermc_ecumenical_altar_starsandcircs, uniq_crazy_yiuf_cottage,
          uniq_sigmund

Notes
Turn   | Place    | Note
-------+----------+-------------------------------------------
     0 | D:1      | kae the Draconian Shapeshifter began the quest for the Orb.
     0 | D:1      | Reached XP level 1. HP: 16/16 MP: 1/1
     0 | D:1      | magus.rc [v1.11.3]
    78 | D:1      | Reached XP level 2. HP: 20/23 MP: 2/2
   643 | D:2      | Reached XP level 3. HP: 28/28 MP: 3/3
   861 | D:2      | Reached skill level 4 in Shapeshifting
  1093 | D:2      | Reached XP level 4. HP: 30/35 MP: 4/4
  1425 | D:3      | Noticed Sigmund
  1432 | D:3      | Found a faded altar of an unknown god.
  1543 | D:3      | HP: 4/25 [Sigmund/+0 scythe (10)]
  1579 | D:3      | Killed Sigmund
  1580 | D:3      | Reached skill level 4 in Unarmed Combat
  1580 | D:3      | Reached skill level 5 in Shapeshifting
  1580 | D:3      | Reached XP level 5. HP: 29/40 MP: 5/5
  1728 | D:3      | You add the spells Gell's Gravitas, Teleport Other and
                  | Dispersal to your library.
  1834 | D:3      | Reached XP level 6. HP: 31/47 MP: 6/6
  1838 | D:3      | Slain by a gnoll

Vanquished Creatures
  Sigmund (D:3)
  2 adders (D:2)
  A gnoll (D:3)
  2 worms (D:2)
  A dart slug (D:2)
  An orc (D:3)
  5 ball pythons
  7 endoplasms
  6 giant cockroaches
  3 goblins
  7 hobgoblins
  2 jackals (D:1)
  7 quokkas
  2 bats
  5 frilled lizards
  3 kobolds
  7 rats
62 creatures vanquished.

Table legend:
 A = Non-vault XP
 B = Vault XP
 C = Vault XP percentage of total XP
 D = Non-vault monster count
 E = Vault monster count
 F = Vault count percentage of total count
                 A         B        C        D         E       F
            +---------+---------+-------+---------+---------+-------
      Total |     126 |     261 |  67.4 |      56 |       6 |   9.7
            +---------+---------+-------+---------+---------+-------
        D:1 |      40 |       0 |   0.0 |      26 |       0 |   0.0
        D:2 |      74 |       2 |   2.6 |      24 |       1 |   4.0
        D:3 |      12 |     259 |  95.6 |       6 |       5 |  45.5
            +---------+---------+-------+---------+---------+-------

Skill      XL: |  1  2  3  4 |
---------------+-------------+-----
Shapeshifting  | 4 5 |  5.4
Unarmed Combat | 4 |  4.6
Fighting       | |  1.1
Dodging        | |  1.7

Action                     |  1- 3 |  4- 6 || total
---------------------------+-------+-------++-------
  Melee: Unarmed           |   109 |    52 ||   161
         Tailslap          |    10 |     8 ||    18
         Punch             |       |     1 ||     1
    Use: Scroll            |     1 |     3 ||     4
   Stab: Sleeping          |     1 |       ||     1
 Armour: Skin              |    35 |    66 ||   101
  Dodge: Dodged            |    62 |    62 ||   124
   Form: Flux              |       |     1 ||     1

Illustrated notes

Table legend:
 A = Kills in this place as a percentage of kills in the entire game.
 B = Kills by you in this place as a percentage of kills by you in the entire game.
 C = Kills by friends in this place as a percentage of kills by friends in the entire game.
 D = Other kills in this place as a percentage of other kills in the entire game.
 E = Experience gained in this place as a percentage of experience gained in the entire game.
 F = Experience gained in this place divided by the number of levels of this place that you have seen.
                   A       B       C       D       E      F
               +-------+-------+-------+-------+-------+----------------------
         Total | 100.0 | 100.0 |   N/A |   N/A | 100.0 | 129.0
       Dungeon | 100.0 | 100.0 |   N/A |   N/A | 100.0 | 129.0
               +-------+-------+-------+-------+-------+----------------------

Table legend: (Time is in decaauts)
 A = Elapsed time spent in this place.
 B = Non-inter-level travel time spent in this place.
 C = Inter-level travel time spent in this place.
 D = Time resting spent in this place.
 E = Time spent auto-exploring this place.
 F = Levels seen in this place.
 G = Mean time per level.
                   A        B        C        D        E       F      G
               +--------+--------+--------+--------+--------+-----+--------+
         Total |   1832 |   1817 |     15 |     21 |   1343 |   3 |  610.7 |
       Dungeon |   1832 |   1817 |     15 |     21 |   1343 |   3 |  610.7 |
               +--------+--------+--------+--------+--------+-----+--------+

Top non-repeatable levels by time:
     D:2: 813 daAuts
     D:1: 637 daAuts
     D:3: 382 daAuts
